 Dungeon Crawl Stone Soup version 0.23.2 (webtiles) character file.

Game seed: 5743912962076939924

50 Kinoniko the Skirmisher (level 3, -3/29 HPs)
             Began as a Demonspawn Fighter on Apr 3, 2019.
             Slain by Crazy Yiuf
             ... wielding a +4 quarterstaff of chaos
              (7 damage)
             ... on level 3 of the Dungeon.
             The game lasted 00:04:53 (1576 turns).

Kinoniko the Skirmisher (Demonspawn Fighter)        Turns: 1576, Time: 00:04:53

Health: -3/29      AC: 10    Str: 16    XL:     3   Next: 55%
Magic:  3/3        EV:  7    Int:  9    God:
Gold:   103        SH: 11    Dex: 13    Spells: 2/2 levels left

rFire    . . .     SeeInvis .   a - +0 trident
rCold    . . .     Gourm    .   h - +2 shield
rNeg     . . .     Faith    .   b - +0 scale mail
rPois    .         Spirit   .   (no helmet)
rElec    .         Reflect  .   (no cloak)
rCorr    .         Harm     .   k - +1 pair of gloves
MR       .....                  p - +0 pair of boots
Stlth    ..........             (no amulet)
HPRegen  0.09/turn              (no ring)
MPRegen  0.08/turn              (no ring)

@: lethally poisoned (-3 -> -9), hasted, very quick
A: powered by death 1
a: no special abilities


You were on level 3 of the Dungeon.
You were not hungry.

You visited 1 branch of the dungeon, and saw 3 of its levels.

You collected 103 gold pieces.

Inventory:

Hand Weapons
 a - a +0 trident (weapon)
 r - a +2 vampiric dagger
Armour
 b - a +0 scale mail (worn)
 c - a +0 shield
 h - a +2 shield (worn)
 k - a +1 pair of gloves (worn)
 p - a +0 pair of boots (worn)
Wands
 q - a wand of enslavement (12)
Scrolls
 j - 3 scrolls of teleportation
 l - 2 scrolls of identify
 m - a scroll of random uselessness {unknown}
 n - a scroll of immolation {unknown}
Potions
 d - a potion of might
 e - 2 potions of flight
 g - 2 potions of degeneration {unknown}
 i - a potion of ambrosia {unknown}
 o - a potion of curing {unknown}
Comestibles
 f - 2 rations


   Skills:
 + Level 3.2 Fighting
 * Level 2.5 Polearms
 + Level 3.0 Armour
 * Level 0.7 Dodging
 + Level 0.3 Stealth
 + Level 3.0 Shields


You had 2 spell levels left.
You didn't know any spells.
Your spell library was empty.

Dungeon Overview and Level Annotations

Branches:
Dungeon (3/15)

Altars:

Annotations:
D:3 Crazy Yiuf


Innate Abilities, Weirdness & Mutations

You regenerate a little health from kills.


Message History

* * * LOW HITPOINT WARNING * * *
You feel sick.
Crazy Yiuf grits, "Sif Muna!
Line sizzlefizz mobile."
You block Crazy Yiuf's attack.
You barely miss Crazy Yiuf.
Crazy Yiuf is moderately wounded.
Crazy Yiuf screams, "Trifle!
Whiteboard blue unthinkable."
Crazy Yiuf hits you but does no damage.
You hit Crazy Yiuf but do no damage.
Crazy Yiuf is moderately wounded.
* * * LOW HITPOINT WARNING * * *
You feel sick.
Crazy Yiuf says, "Whippet!
Island broken ena."
Crazy Yiuf hits you but does no damage.
You feel yourself speed up.
You barely miss Crazy Yiuf.
Crazy Yiuf is moderately wounded.
* * * LOW HITPOINT WARNING * * *
You feel sick.
Crazy Yiuf hits you with a +4 quarterstaff of chaos!
You die...

#.# #.. #########
#........ #........
### ♣♣##........
#)..#♣♣ ♣♣...........
#...g@♣♣♣♣......####.#
#...#♣..♣............#
### ♣♣♣.♣............
♣♣♣♣♣##......##
#......#
###########......#
#....#...........#
#.##.#..#........#
#.......#........#


You could see Crazy Yiuf.

Vanquished Creatures
  An ooze (D:1)
  A worm (D:2)
  A dart slug (D:1)
  A leopard gecko (D:2)
  4 giant cockroaches (D:1)
  3 goblins
  6 hobgoblins
  2 jackals (D:2)
  5 kobolds
  3 bats
  6 frilled lizards
  5 rats
38 creatures vanquished.

Notes
Turn   | Place    | Note
-------+----------+-------------------------------------------
     0 | D:1      | Kinoniko the Demonspawn Fighter began the quest for the
                  | Orb.
     0 | D:1      | Reached XP level 1. HP: 18/18 MP: 1/1
   179 | D:1      | Gained mutation: You regenerate a little health from kills.
                  | [demonic ancestry]
   179 | D:1      | Reached XP level 2. HP: 21/24 MP: 2/2
   633 | D:1      | Reached XP level 3. HP: 29/29 MP: 3/3
  1563 | D:3      | Found a runed translucent door.
  1564 | D:3      | Noticed Crazy Yiuf
  1576 | D:3      | Slain by Crazy Yiuf

Skill      XL: |  1  2  3 |
---------------+----------+-----
Armour         | 3 |  3.0
Polearms       | 2 |  2.5
Shields        | 3 |  3.0
Fighting       | |  3.2
Dodging        | |  0.7
Stealth        | |  0.3

Action                   || total
-------------------------++-------
Melee: Trident           ||   149
  Use: Scroll            ||     2
  Eat: Ration            ||     1
Armor: Scale mail        ||    49
Dodge: Dodged            ||    27
Block: Shield            ||    60
